 Dungeon Crawl Stone Soup version 0.21.1-1-g345015f (webtiles) character file.

47952 goulibeur the Envoy of Void (level 14, -2/116 HPs)
             Began as a Demonspawn Abyssal Knight on June 26, 2018.
             Was a High Priest of Lugonu.
             Slain by a freezing wraith (9 damage)
             ... led by a death knight
             ... on level 12 of the Dungeon on June 27, 2018.
             The game lasted 01:25:37 (16696 turns).

goulibeur the Envoy of Void (DsAK)                 Turns: 16696, Time: 01:25:39

Health: -2/116     AC: 27    Str: 12    XL:     14   Next: 10%
Magic:  0/26       EV:  8    Int: 20    God:    Lugonu [*****.]
Gold:   1271       SH:  8    Dex: 24    Spells: 13/13 levels left

rFire    . . .     SeeInvis .   v - +9 long sword of Fedhas's Condemnation {vamp, rN+}
rCold    . . .     Gourm    .   a - +0 buckler
rNeg     + + .     Faith    .   p - +6 plate armour of Indemnity {+Fly MR- Regen+ Dex+2}
rPois    .         Spirit   +   s - +1 helmet
rElec    +         Reflect  .   i - scarf {Spirit}
rCorr    +         Harm     .   b - +1 pair of gloves
MR       .....                  (boots unavailable)
Stlth    ..........             u - amulet of regeneration
HPRegen  1.09/turn              q - +5 ring of slaying
MPRegen  0.20/turn              H - ring of Accord {rCorr rElec Int+7 Dex+3}

@: no status effects
A: talons 3, rugged brown scales 2, negative energy resistance 1, powered by
death 1, spiny 2
a: Depart the Abyss, Bend Space, Banish, Corrupt, Enter the Abyss, Renounce
Religion, Evoke Flight


You were on level 12 of the Dungeon.
You worshipped Lugonu.
Lugonu was extremely pleased with you.
You were hungry.

You visited 2 branches of the dungeon, and saw 18 of its levels.
You visited the Abyss 1 time.
You also visited: Volcano.

You collected 1433 gold pieces.
You spent 162 gold pieces at shops.

Inventory:

Hand Weapons
 v - the +9 long sword of Fedhas's Condemnation (weapon) {vamp, rN+}
   (You found it on level 6 of the Dungeon)

   It inflicts no extra harm, but heals its wielder when it wounds a living foe.
   It protects you from negative energy.
 E - a +2 great mace of flaming
 U - a +2 demon trident of pain
 V - a +2 shortbow of flaming
Armour
 a - a +0 buckler (worn)
 b - a +1 pair of gloves (worn)
 i - a scarf of spirit shield (worn)
 p - the +6 plate armour of Indemnity (worn) {+Fly MR- Regen+ Dex+2}
   (You found it on level 12 of the Dungeon)

   It affects your dexterity (+2).
   It affects your resistance to hostile enchantments.
   It lets you fly.
   It increases your rate of regeneration.
 s - a +1 helmet (worn)
 w - the +4 pair of boots "Azecselu" {rElec Slay+4}
   (You found it on level 11 of the Dungeon)

   It affects your accuracy and damage with ranged weapons and melee attacks
   (+4).
   It insulates you from electricity.
 G - a +2 chain mail of fire resistance
Jewellery
 l - a +5 ring of strength
 q - a +5 ring of slaying (left hand)
 u - an amulet of regeneration (around neck)
 B - an uncursed ring of positive energy
 C - an uncursed ring of poison resistance {unknown}
 H - the ring of Accord (right hand) {rCorr rElec Int+7 Dex+3}
   (You found it on level 11 of the Dungeon)

   [ring of resist corrosion]

   It affects your intelligence (+7).
   It affects your dexterity (+3).
   It insulates you from electricity.
 M - an uncursed ring of magical power {unknown}
Wands
 y - a wand of iceblast (20)
 J - a wand of digging (9)
 N - a wand of enslavement (9)
 T - a wand of flame (46)
 Y - a wand of polymorph (39)
Scrolls
 g - 7 scrolls of teleportation
 h - 3 scrolls of remove curse
 k - 6 scrolls of blinking
 o - 4 scrolls of enchant weapon
 r - 6 scrolls of enchant armour
 F - 5 scrolls of fog
 K - 4 scrolls of fear
 Q - 9 scrolls of identify
 R - 2 scrolls of immolation {unknown}
 X - 2 scrolls of random uselessness {unknown}
 Z - 2 scrolls of magic mapping
Potions
 d - a potion of berserk rage
 e - 6 potions of brilliance
 f - a potion of ambrosia
 j - 3 potions of haste
 m - 12 potions of curing
 t - 5 potions of flight
 z - 2 potions of resistance {unknown}
 A - a potion of degeneration {unknown}
 D - a potion of cancellation {unknown}
 I - 2 potions of might {unknown}
 L - 7 potions of heal wounds
 P - a potion of invisibility {unknown}
 W - 5 potions of agility
Miscellaneous
 x - a phantom mirror
Comestibles
 c - 27 rations
 n - 4 chunks of flesh


   Skills:
 + Level 10.8 Fighting
   Level 1.7 Short Blades
 + Level 9.7 Armour
 + Level 9.6 Dodging
 * Level 8.9 Shields
 * Level 17.7 Invocations


You had 13 spell levels left.
You didn't know any spells.

Dungeon Overview and Level Annotations

Branches:
Dungeon (12/15)            Temple (0/1) D:5            Lair (6/6) D:11
  Swamp (0/4) Lair:2        Snake (0/4) Lair:4        Slime (0/5) Lair:6
    Orc (0/2) D:11

Altars:
Ashenzari
Dithmenos
Fedhas
Hepliaklqana
Kikubaaqudgha
Qazlal
Ru
Uskayaw
Wu Jian
Xom
Zin
The Shining One

Shops:
D:5 (

Portals:
Trove: D:10 (give +7 demon whip)

Annotations:
D:2 Sigmund
Abyss:1 Joseph, Maurice


Innate Abilities, Weirdness & Mutations

You have claws for feet.
You are mostly covered in rugged brown scales. (AC +2, +5% HP)
You resist negative energy. (rN+)
You regenerate a little health from kills.
You are mostly covered in sharp spines.


Message History

You block the death knight's attack.
You slash the death knight!
You kill the death knight!
Lugonu accepts your kill.
You hit the freezing wraith but do no damage.
The freezing wraith hits you! The freezing wraith freezes you!
The freezing wraith hits you but does no damage.
The freezing wraith hits you! The freezing wraith freezes you!
* * * LOW HITPOINT WARNING * * *
The freezing wraith hits you but does no damage.
Press: ? - help, Shift-Dir - straight line, f - freezing wraith
Aim: a freezing wraith (chance to defeat MR: 79%)
The freezing wraith barely resists.
You feel quite a bit more hungry.
The freezing wraith is struck by your spines.
The freezing wraith hits you!
* * * LOW HITPOINT WARNING * * *
The freezing wraith freezes you!!
* * * LOW HITPOINT WARNING * * *
The freezing wraith hits you!
You die...

...................
.........##########..####
.........# ..... #......
.........#...... #......
........##...... #......
........#....... #......
........'....... #......
........###########......
..#####.@WWW.............
.. #####..............
#...##'#.......
#...#..#####... #...#...
#... #...#.... #...
#...#..... #...
#...#......#...
#...#......#...


You could see a freezing wraith and 2 wraiths.

Vanquished Creatures
  3 hydras
  Erolcha (D:12)
  2 two-headed ogres
  A death knight (D:12)
  A deep troll shaman (Lair:6)
  5 death yaks (Lair:6)
  2 skeletal warriors (Volcano)
  A wizard (D:12)
  A deep elf mage (D:11)
  A manticore (D:11)
  2 black mambas
  3 elephants (Lair:6)
  Psyche (D:8)
  4 gargoyles
  8 spiny frogs
  2 rime drakes
  3 komodo dragons
  6 polar bears
  23 blink frogs
  Grinder (D:6)
  Prince Ribbit (D:6)
  7 dream sheep (Lair:5)
  2 harpy skeletons (Volcano)
  7 hippogriffs
  A meliai zombie (D:10)
  2 wyverns
  2 flying skulls (Volcano)
  4 hogs (D:7)
  24 yaks
  A human (D:7)
  2 hungry ghosts
  Grum (D:8)
  3 basilisks
  A steam dragon (D:10)
  3 swamp worms (Lair:2)
  An acid dragon (D:9)
  3 water moccasins
  7 porcupines
  9 sky beasts
  11 black bears
  3 ice beasts
  2 orc warriors
  5 phantoms
  8 ogres
  7 centaurs
  14 wolves
  11 crocodiles
  4 big kobolds
  15 bullfrogs
  A gnoll sergeant (D:6)
  2 wyvern zombies (D:11)
  4 scorpions
  10 killer bees (D:11)
  A troll skeleton (Volcano)
  A spriggan skeleton (Volcano)
  An electric eel (Lair:2)
  2 howler monkeys
  9 wights
  7 crimson imps
  2 centaur zombies
  A quasit (D:9)
  3 bullfrog zombies
  5 hounds
  12 jellies
  2 centaur skeletons
  2 bullfrog skeletons
  5 orc priests
  7 hell rats (Lair:4)
  2 iguanas
  7 worker ants
  5 orc wizards
  6 ogre zombies (D:11)
  A hound zombie (D:5)
  A naga skeleton (Volcano)
  A hound skeleton (D:6)
  A worker ant zombie (D:9)
  9 gnolls
  10 adders
  6 shadow imps
  5 oozes
  2 adder zombies
  2 adder skeletons
  3 worms (D:3)
  2 dart slugs
  9 leopard geckos
  38 orcs
  5 giant cockroaches
  6 goblins
  6 hobgoblins
  10 jackals
  25 kobolds
  3 quokkas
  3 ball pythons
  6 bats
  9 frilled lizards
  A goblin zombie (D:11)
  2 hobgoblin skeletons (D:11)
  2 hobgoblin zombies (D:11)
  A leopard gecko skeleton (D:8)
  2 orc skeletons (D:11)
  12 orc zombies (D:11)
  A quokka skeleton (D:6)
  A quokka zombie (D:10)
  15 rats
529 creatures vanquished.

Vanquished Creatures (others)
  An ettin (D:12)
  4 hydras
  2 fungi
7 creatures vanquished.

Grand Total: 536 creatures vanquished

Notes
Turn   | Place    | Note
-------+----------+-------------------------------------------
     0 | Abyss:1  | goulibeur the Demonspawn Abyssal Knight began the quest for the Orb.
     0 | Abyss:1  | Reached XP level 1. HP: 18/18 MP: 2/2
    43 | Abyss:1  | Noticed an ancient zyme
    44 | D:1      | Escaped the Abyss
    97 | D:1      | Reached skill level 1 in Dodging
   337 | D:1      | Reached skill level 3 in Invocations
   337 | D:1      | Gained mutation: You are partially covered in sharp spines. [demonic ancestry]
   337 | D:1      | Reached XP level 2. HP: 23/24 MP: 2/4
   438 | D:1      | Reached * piety under Lugonu
   872 | D:1      | Reached XP level 3. HP: 22/29 MP: 5/5
  1354 | D:2      | Found an ancient bone altar of Kikubaaqudgha.
  1431 | D:2      | Found a shattered altar of Ashenzari.
  1559 | D:2      | Noticed Sigmund
  1871 | D:3      | Reached skill level 4 in Invocations
  1921 | D:3      | Found an ornate altar of the Wu Jian Council.
  2001 | D:3      | Gained mutation: You are mostly covered in sharp spines. [demonic ancestry]
  2001 | D:3      | Reached XP level 4. HP: 35/35 MP: 7/7
  2053 | D:3      | Reached ** piety under Lugonu
  2271 | D:3      | Found an iron altar of Okawaru.
  2273 | D:3      | Found a glowing golden altar of the Shining One.
  2273 | D:3      | Found a sacrificial altar of Ru.
  2275 | D:3      | Found a shimmering altar of Xom.
  2275 | D:3      | Found a shadowy altar of Dithmenos.
  2275 | D:3      | Found a basalt altar of Yredelemnul.
  2357 | D:3      | Found a faded altar of an unknown god.
  2532 | D:4      | Reached XP level 5. HP: 37/41 MP: 6/8
  2680 | D:4      | Noticed an ogre
  2685 | D:4      | Killed an ogre
  2685 | D:4      | Reached skill level 5 in Invocations
  2760 | D:4      | Noticed a phantom
  2762 | D:4      | Reached XP level 6. HP: 42/48 MP: 10/10
  2781 | D:4      | Reached skill level 6 in Invocations
  3192 | D:4      | Gained mutation: You are partially covered in rugged brown scales. (AC +1, +3% HP) [demonic ancestry]
  3192 | D:4      | Reached XP level 7. HP: 48/56 MP: 11/11
  3417 | D:4      | Found a glowing silver altar of Zin.
  3436 | D:4      | Reached *** piety under Lugonu
  3436 | D:4      | Reached skill level 7 in Invocations
  3909 | D:4      | Found a hazy altar of Hepliaklqana.
  4038 | D:5      | Entered Level 5 of the Dungeon
  4055 | D:5      | Reached skill level 5 in Fighting
  4061 | D:5      | Reached skill level 8 in Invocations
  4061 | D:5      | Gained mutation: You regenerate a little health from kills. [demonic ancestry]
  4061 | D:5      | Reached XP level 8. HP: 55/63 MP: 10/14
  4287 | D:5      | Found a sacrificial altar of Ru.
  4341 | D:5      | Found a staircase to the Ecumenical Temple.
  4386 | D:5      | Found Dankeipp's Antique Weapon Boutique.
  4391 | D:5      | Bought a runed war axe for 162 gold pieces
  5083 | D:6      | Found a blossoming altar of Fedhas.
  5098 | D:6      | Reached **** piety under Lugonu
  5201 | D:6      | Reached skill level 9 in Invocations
  5353 | D:6      | Got a shimmering long sword
  5366 | D:6      | Noticed Prince Ribbit
  5442 | D:6      | Noticed Grinder
  5451 | D:6      | Paralysed by Grinder for 6 turns
  5458 | D:6      | Killed Grinder
  5458 | D:6      | Reached skill level 5 in Armour
  5552 | D:6      | Reached skill level 10 in Invocations
  5552 | D:6      | Gained mutation: You have sharp toenails. [demonic ancestry]
  5552 | D:6      | Reached XP level 9. HP: 71/71 MP: 16/16
  5610 | D:6      | Killed Prince Ribbit
  5610 | D:6      | Reached skill level 5 in Dodging
  5925 | D:7      | Found a stormy altar of Qazlal.
  6152 | D:7      | Noticed Joseph
  6275 | D:7      | Banished Joseph
  6286 | D:7      | Found a shadowy altar of Dithmenos.
  6363 | D:7      | Reached skill level 11 in Invocations
  6672 | D:8      | Noticed Maurice
  6673 | D:8      | Banished Maurice
  6673 | D:8      | Gained mutation: You resist negative energy. (rN+) [demonic ancestry]
  6673 | D:8      | Reached XP level 10. HP: 81/81 MP: 18/18
  6767 | D:8      | Reached skill level 12 in Invocations
  6842 | D:8      | Noticed a hand axe
  6844 | D:8      | Found a hide-covered altar of Uskayaw.
  6845 | D:8      | Noticed a dagger
  6847 | D:8      | Noticed Psyche
  6853 | D:8      | Killed Psyche
  6872 | D:8      | Noticed Grum
  6881 | D:8      | Killed Grum
  7141 | D:8      | Found a sacrificial altar of Ru.
  7336 | D:8      | Identified the +9 long sword of Fedhas's Condemnation {vamp, rN+} (You found it on level 6 of the Dungeon)
  7746 | D:9      | Noticed a two-headed ogre
  7757 | D:9      | Killed a two-headed ogre
  7757 | D:9      | Reached skill level 13 in Invocations
  8110 | D:9      | Got a transparent leather armour
  8333 | D:9      | Found a glowing golden altar of the Shining One.
  8426 | D:10     | Entered Level 10 of the Dungeon
  8435 | D:10     | Reached XP level 11. HP: 88/88 MP: 19/21
  8475 | D:10     | Reached ***** piety under Lugonu
  8539 | D:10     | Found a portal to a secret trove of treasure.
  8866 | D:10     | Found a sacrificial altar of Ru.
  9103 | D:11     | Reached skill level 14 in Invocations
  9113 | D:11     | Found a staircase to the Lair.
  9206 | D:11     | Reached skill level 1 in Shields
  9277 | D:11     | Found a staircase to the Orcish Mines.
  9505 | D:11     | Noticed a two-headed ogre
  9508 | D:11     | Noticed a deep elf mage
  9510 | D:11     | Killed a two-headed ogre
  9518 | D:11     | Killed a deep elf mage
  9519 | D:11     | Noticed a four-headed hydra
  9643 | D:11     | Banished a four-headed hydra
  9756 | D:11     | Got a pair of steaming boots
  9767 | D:11     | Identified the +4 pair of boots "Azecselu" {rElec Slay+4} (You found it on level 11 of the Dungeon)
  9971 | D:11     | Got a faintly glowing bronze ring
 10202 | D:12     | Noticed a four-headed hydra
 10235 | D:11     | Identified the ring of Accord {rCorr rElec Int+7 Dex+3} (You found it on level 11 of the Dungeon)
 10260 | D:12     | Banished a seven-headed hydra
 10330 | D:12     | Got a polished plate armour
 10344 | D:12     | Identified the +6 plate armour of Indemnity {+Fly MR- Regen+ Dex+2} (You found it on level 12 of the Dungeon)
 10437 | D:12     | Noticed a wizard
 10438 | D:12     | Noticed an ice dragon
 10445 | D:12     | Noticed a four-headed hydra
 10448 | D:12     | Noticed a tengu reaver
 10448 | D:12     | Killed a wizard
 10450 | D:12     | Noticed a centaur warrior
 10453 | D:12     | Noticed a death knight
 10516 | Lair:1   | Entered Level 1 of the Lair of Beasts
 10609 | Lair:1   | Reached skill level 15 in Invocations
 10612 | Lair:1   | Gained mutation: You are mostly covered in rugged brown scales. (AC +2, +5% HP) [demonic ancestry]
 10612 | Lair:1   | Reached XP level 12. HP: 91/99 MP: 15/23
 11431 | Lair:2   | Reached skill level 5 in Shields
 11496 | Lair:2   | Found a dark tunnel.
 11503 | Volcano  | Entered a volcano
 12274 | Lair:2   | Reached skill level 16 in Invocations
 12400 | Lair:2   | Found a staircase to the Swamp.
 13486 | Lair:4   | Noticed a four-headed hydra
 13543 | Lair:3   | Killed a 13-headed hydra
 13725 | Lair:4   | Found a staircase to the Snake Pit.
 13839 | Lair:4   | Reached skill level 10 in Fighting
 13839 | Lair:4   | Gained mutation: You have razor-sharp toenails. [demonic ancestry]
 13839 | Lair:4   | Reached XP level 13. HP: 108/108 MP: 22/25
 14835 | Lair:5   | You fall through a shaft!
 14835 | Lair:6   | Entered Level 6 of the Lair of Beasts
 14875 | Lair:6   | Reached skill level 17 in Invocations
 15141 | Lair:6   | Found a staircase to the Slime Pits.
 15271 | Lair:6   | Reached ****** piety under Lugonu
 15827 | Lair:6   | Gained mutation: You have claws for feet. [demonic ancestry]
 15827 | Lair:6   | Reached XP level 14. HP: 116/116 MP: 26/26
 16557 | D:12     | Noticed Erolcha
 16569 | D:12     | Killed Erolcha
 16696 | D:12     | Slain by a freezing wraith

Skill      XL: |  1  2  3  4  5  6  7  8  9 10 11 12 13 |
---------------+----------------------------------------+-----
Dodging        | 1 2 3 4 5 7 8 9 |  9.6
Invocations    | 3 4 5 6 8 10 11 13 15 16 17 | 17.7
Armour         | 2 3 4 5 6 7 8 9 |  9.7
Fighting       | 4 5 6 7 8 9 10 | 10.8
Shields        | 4 6 8 |  8.9
Short Blades   | |  1.7

Action                   |  1- 3 |  4- 6 |  7- 9 | 10-12 | 13-15 || total
-------------------------+-------+-------+-------+-------+-------++-------
Melee: Short sword       |    47 |       |       |       |       ||    47
       Mace              |    46 |    70 |    67 |       |       ||   183
       War axe           |       |       |   148 |    78 |       ||   226
       Long sword        |       |       |       |   464 |   288 ||   752
       Kick              |       |       |       |       |    20 ||    20
Invok: Depart the Abyss  |     1 |       |       |       |       ||     1
       Banish            |       |       |     3 |    11 |     7 ||    21
Evoke: Wand              |       |       |       |     1 |       ||     1
  Use: Scroll            |       |       |     9 |    15 |       ||    24
       Potion            |       |       |     1 |       |       ||     1
 Stab: Invisible         |       |       |       |     1 |       ||     1
  Eat: Chunk             |     3 |     4 |     9 |    21 |    12 ||    49
       Ration            |       |       |     1 |     4 |       ||     5
Armor: Leather armour    |    29 |       |       |       |       ||    29
       Ring mail         |     1 |    27 |       |       |       ||    28
       Plate armour      |       |     2 |   209 |   676 |   384 ||  1271
       Skin              |       |       |       |     1 |       ||     1
Dodge: Dodged            |    73 |    40 |    53 |   248 |   159 ||   573
Block: Buckler           |       |       |       |   172 |   169 ||   341
       Rpst.: Long sword |       |       |       |    40 |    33 ||    73
